 Dungeon Crawl Stone Soup version 0.18.1-6-gd335043 (webtiles) character file.

16 incide the Skirmisher (level 2, -4/24 HPs)
             Began as a Formicid Abyssal Knight on May 20, 2016.
             Was a Follower of Lugonu.
             Slain by a gnoll
             ... wielding a +0 spear
              (10 damage)
             ... on level 1 of the Dungeon.
             The game lasted 00:02:33 (509 turns).

incide the Skirmisher (Formicid Abyssal Knight)      Turns: 509, Time: 00:02:33

Health: -4/24      AC:  3    Str: 16    XL:     2   Next: 75%
Magic:  3/3        EV: 11    Int: 16    God:    Lugonu [*.....]
Gold:   24         SH:  0    Dex: 10    Spells: 0 memorised, 1 level left

rFire  . . .     SeeInvis +     a - +1 hand axe
rCold  . . .     Gourm    .     b - +0 leather armour
rNeg   . . .     Faith    .     (no shield)
rPois  .         Spirit   .     (helmet unavailable)
rElec  .         Dismiss  .     (no cloak)
rCorr  .         Reflect  .     (no gloves)
SustAt .         Harm     .     (no boots)
MR     .....                    (no amulet)
Stlth  +.........               (no ring)
                                (no ring)

@: brilliant, not resistant to hostile enchantments, very unstealthy
A: permanent stasis, dig shafts and tunnels, four strong arms, antennae 3
a: Dig, Shaft Self, Depart the Abyss, Renounce Religion


You were on level 1 of the Dungeon.
You worshipped Lugonu.
Lugonu was aware of your devotion.
You were not hungry.

You visited 1 branch of the dungeon, and saw 1 of its levels.
You visited the Abyss 1 time.

You collected 24 gold pieces.

Inventory:

Hand Weapons
 a - a +1 hand axe (weapon)
Armour
 b - a +0 leather armour (worn)
Jewellery
 f - an uncursed ring of poison resistance {unknown}
Scrolls
 d - a scroll of amnesia {unknown}
Comestibles
 c - a bread ration


   Skills:
 - Level 3.2 Fighting
 + Level 3.1 Axes
 - Level 2.1 Armour
 - Level 0.8 Dodging
 - Level 2.1 Invocations


You had one spell level left.
You didn't know any spells.

Dungeon Overview and Level Annotations

Branches:
Dungeon (1/15)

Altars:


Innate Abilities, Weirdness & Mutations

You are under a permanent stasis effect.
You can dig through walls and to a lower floor.
Your four strong arms can wield two-handed weapons with a shield.
You have a pair of large antennae on your head (SInv).


Message History

You extend your mandibles.
You dig through the rock wall.
You retract your mandibles.
You extend your mandibles.
You dig through the rock wall.
You dig through the rock wall.
The ooze hits you.
* * * LOW HITPOINT WARNING * * *
You are already prepared to dig.
You retract your mandibles.
You slash the ooze!
The ooze is heavily wounded.
The ooze barely misses you.
You hit the ooze but do no damage.
The ooze is heavily wounded.
The ooze misses you. The gnoll barely misses you.
You slash the ooze!
You kill the ooze!
Lugonu accepts your kill.
You can now depart the Abyss.
Your Axes skill increases to level 3!
The gnoll hits you from afar with a spear!
You die...

#.. #.#..# #.# #.#..# #.#
########## #.#..# #.#
#.......##.##.#รท.# # #.#
#.#####g##.......#####...#
##.####.#####..####.........)...
#.......##......g....####.......
#.####..##.##.##.###.# .......
#.# #.....##.#@## #.# ...$...
#.##########################>...
#...................{......#....
##########################.# ...
#........................# ..
#.######################## {
#.......................<#
##########################


You could see a gnoll.

Vanquished Creatures
  An ooze (D:1)
  2 goblins (D:1)
  A hobgoblin (D:1)
  4 jackals (D:1)
  2 giant newts (D:1)
  A rat (D:1)
11 creatures vanquished.

Notes
Turn   | Place    | Note
--------------------------------------------------------------
     0 | Abyss:1  | incide the Formicid Abyssal Knight began the quest for the Orb.
     0 | Abyss:1  | Reached XP level 1. HP: 18/18 MP: 2/2
    33 | Abyss:1  | Found a stormy altar of Qazlal.
   130 | Abyss:1  | Noticed an eye of draining
   130 | Abyss:1  | Noticed a large abomination
   131 | D:1      | You pass through the gate.
   131 | D:1      | Escaped the Abyss
   270 | D:1      | Reached XP level 2. HP: 11/24 MP: 3/3
   509 | D:1      | Reached * piety under Lugonu
   509 | D:1      | Reached skill level 3 in Axes
   509 | D:1      | Slain by a gnoll

Skill      XL: |  1  2 |
---------------+-------+-----
Axes           | 3 |  3.1
Fighting       | |  3.2
Armour         | |  2.1
Dodging        | |  0.8
Invocations    | |  2.1

Action                   || total
-------------------------++-------
Melee: Hand axe          ||    37
Invok: Depart the Abyss  ||     1
 Abil: Dig               ||     2
  Use: Potion            ||     1
Armor: Leather armour    ||    13
Dodge: Dodged            ||    33
